[ AOE2 MATCH · #475085735 ]
UnrankedPoles vs Chinese
[ REPLAY ANALYSIS · EXTRACTED FROM THE RECORDED GAME ]
Feudal
11:34
Castle
15:54
Imperial
—
| APM avg | 39.7 |
| APM peak | 79 |
| eAPM avg | 23.0 |
| Villagers / military | 51 / 1 |
Focus
⚔️ 39.3% · 🌾 60.7%
Mangonel ×1
Feudal
12:57
Castle
19:01
Imperial
—
| APM avg | 40.9 |
| APM peak | 99 |
| eAPM avg | 22.9 |
| Villagers / military | 37 / 0 |
Focus
⚔️ 24.3% · 🌾 75.7%
Feudal
9:53
Castle
20:34
Imperial
—
| APM avg | 63.1 |
| APM peak | 113 |
| eAPM avg | 16.1 |
| Villagers / military | 33 / 7 |
Focus
⚔️ 22.6% · 🌾 77.4%
Scout Cavalry ×7
Feudal
14:54
Castle
—
Imperial
—
| APM avg | 52.8 |
| APM peak | 98 |
| eAPM avg | 19.4 |
| Villagers / military | 37 / 0 |
Focus
⚔️ 18.5% · 🌾 81.5%
Feudal
17:06
Castle
—
Imperial
—
| APM avg | 41.0 |
| APM peak | 84 |
| eAPM avg | 20.4 |
| Villagers / military | 40 / 0 |
Focus
⚔️ 20.6% · 🌾 79.4%
Feudal
11:46
Castle
15:27
Imperial
—
| APM avg | 43.4 |
| APM peak | 73 |
| eAPM avg | 23.6 |
| Villagers / military | 39 / 7 |
Focus
⚔️ 26.4% · 🌾 73.6%
Monk ×4 · Mangonel ×2 · Battering Ram ×1
Feudal
10:58
Castle
20:01
Imperial
—
| APM avg | 37.8 |
| APM peak | 82 |
| eAPM avg | 12.5 |
| Villagers / military | 38 / 9 |
Focus
⚔️ 27.6% · 🌾 72.4%
Militia ×9
Feudal
10:32
Castle
—
Imperial
—
| APM avg | 45.4 |
| APM peak | 93 |
| eAPM avg | 15.2 |
| Villagers / military | 39 / 14 |
Focus
⚔️ 24.4% · 🌾 75.6%
Archer ×6 · Spearman ×5 · Militia ×3
Match map
Initial resources + every placement click. Lines = walls · curves = elevation contours. ◆ gold · ⬟ stone · ● berries · ✦ relic · ◌ wall gap
Your base· ✓ Closed at 15:54 · 31t walls · no gate
lion_'s base· ✓ Closed at 19:01 · 26t walls · no gate
Phoetic's base· ✓ Closed at 20:34 · 4t walls · no gate
Firebeer's base· ✓ Closed at 18:57 · 52t walls · no gate
MrGuler's base· Open — opponent sealed themselves in
Rest in Pieces's base· ✓ Closed at 15:27 · 36t walls · no gate
RetiredTurtle's base· ✓ Closed at 20:01 · 11t walls · no gate
shegin's base· Open — opponent sealed themselves in
Smoothed initial terrain · ◌ = detected wall gap · hover for details
Inputs per minute
— oLiVe007 - - lion_
Build order — oLiVe007
104 actions detected in the replay
| 0:01 | Create | Villager (Male) ×4 |
| 0:01 | Create | Villager (Male) ×4 |
| 0:03 | Build | House |
| 0:05 | Build | House |
| 0:41 | Build | Palisade Wall |
| 1:20 | Build | House |
| 1:23 | Build | House |
| 1:29 | Build | Palisade Wall |
| 1:44 | Create | Villager (Male) |
| 1:44 | Create | Villager (Male) |
| 2:05 | Build | Lumber Camp |
| 2:17 | Create | Villager (Male) |
| 2:17 | Create | Villager (Male) |
| 2:18 | Create | Villager (Male) |
| 2:48 | Create | Villager (Male) |
| 2:48 | Create | Villager (Male) |
| 3:16 | Create | Villager (Male) |
| 3:16 | Create | Villager (Male) |
| 3:17 | Create | Villager (Male) |
| 3:37 | Create | Villager (Male) |
| 3:38 | Create | Villager (Male) |
| 4:06 | Create | Villager (Male) |
| 4:06 | Create | Villager (Male) |
| 4:49 | Build | Mill |
| 4:54 | Create | Villager (Male) |
| 4:54 | Create | Villager (Male) |
| 5:37 | Create | Villager (Male) |
| 5:38 | Create | Villager (Male) |
| 6:04 | Create | Villager (Male) |
| 6:04 | Create | Villager (Male) |
| 6:17 | Build | Palisade Wall |
| 6:28 | Build | House |
| 6:35 | Build | House |
| 6:36 | Build | House |
| 6:39 | Create | Villager (Male) |
| 6:53 | Create | Villager (Male) |
| 6:53 | Create | Villager (Male) |
| 7:02 | Create | Villager (Male) |
| 7:14 | Build | House |
| 7:49 | Create | Villager (Male) |
| 8:19 | Create | Villager (Male) |
| 8:23 | Create | Villager (Male) |
| 8:41 | Create | Villager (Male) |
| 9:13 | Research | Feudal Age |
| 9:13 | Research | Feudal Age |
| 9:14 | Research | Feudal Age |
| 9:53 | Create | Villager (Male) |
| 9:53 | Create | Villager (Male) |
| 9:59 | Build | Mining Camp |
| 11:34 | Age | Feudal Age |
| 11:37 | Build | Market |
| 11:43 | Create | Villager (Male) |
| 12:22 | Build | Stone Wall |
| 12:27 | Build | Blacksmith |
| 12:28 | Create | Villager (Male) |
| 12:56 | Research | Loom |
| 12:56 | Research | Loom |
| 12:59 | Research | Castle Age |
| 12:59 | Research | Castle Age |
| 13:30 | Create | Villager (Male) |
| 13:40 | Build | Lumber Camp |
| 14:10 | Build | Outpost |
| 14:26 | Research | Horse Collar |
| 14:26 | Research | Horse Collar |
| 14:28 | Research | Double-Bit Axe |
| 14:28 | Research | Double-Bit Axe |
| 14:28 | Research | Double-Bit Axe |
| 15:54 | Age | Castle Age |
| 15:56 | Build | Town Center |
| 16:09 | Build | Town Center |
| 16:19 | Create | Villager (Male) |
| 16:30 | Research | Heavy Plow |
| 16:31 | Research | Heavy Plow |
| 16:44 | Research | Bow Saw |
| 16:44 | Research | Bow Saw |
| 16:58 | Build | Stone Wall |
| 17:04 | Build | Farm |
| 17:10 | Build | Farm |
| 17:20 | Build | Lumber Camp |
| 17:31 | Create | Villager (Male) |
| 17:31 | Create | Villager (Male) |
| 17:53 | Build | Siege Workshop |
| 17:59 | Research | Loom |
| 17:59 | Create | Villager (Male) |
| 18:23 | Build | Farm |
| 18:26 | Build | Farm |
| 18:28 | Build | Farm |
| 18:30 | Build | Farm |
| 18:32 | Build | Farm |
| 18:35 | Build | Farm |
| 18:59 | Build | Stone Wall |
| 19:04 | Build | Stone Wall |
| 19:22 | Build | Stone Wall |
| 19:33 | Create | Mangonel |
| 19:34 | Create | Villager (Male) |
| 19:43 | Create | Villager (Male) |
| 19:44 | Create | Villager (Male) |
| 19:44 | Create | Villager (Male) |
| 19:47 | Build | Farm |
| 20:00 | Create | Villager (Male) |
| 20:05 | Build | Mill |
| 20:06 | Build | Farm |
| 20:07 | Build | Farm |
| 20:14 | Create | Villager (Male) |
Build order — lion_
93 actions detected in the replay
| 0:02 | Create | Villager (Male) |
| 0:03 | Build | House |
| 0:05 | Build | House |
| 0:21 | Create | Villager (Male) |
| 0:21 | Create | Villager (Male) |
| 0:21 | Create | Villager (Male) |
| 0:31 | Research | Loom |
| 0:31 | Create | Villager (Male) |
| 0:31 | Create | Villager (Male) |
| 2:23 | Build | Palisade Wall |
| 2:24 | Build | Palisade Wall |
| 2:29 | Build | Palisade Wall |
| 2:31 | Build | Palisade Wall |
| 2:39 | Create | Villager (Male) |
| 2:39 | Create | Villager (Male) |
| 3:31 | Create | Villager (Male) |
| 3:54 | Build | Palisade Wall |
| 3:57 | Build | Palisade Wall |
| 3:58 | Build | Palisade Wall |
| 4:13 | Create | Villager (Male) |
| 4:27 | Build | Lumber Camp |
| 4:46 | Build | Palisade Wall |
| 4:49 | Create | Villager (Male) |
| 5:14 | Create | Villager (Male) |
| 5:39 | Create | Villager (Male) |
| 5:39 | Create | Villager (Male) |
| 5:43 | Build | House |
| 5:58 | Build | Palisade Wall |
| 6:01 | Create | Villager (Male) |
| 6:01 | Create | Villager (Male) |
| 6:05 | Build | Palisade Wall |
| 6:11 | Build | Palisade Wall |
| 6:27 | Build | Palisade Wall |
| 6:37 | Create | Villager (Male) |
| 6:59 | Create | Villager (Male) |
| 6:59 | Create | Villager (Male) |
| 7:32 | Build | House |
| 7:49 | Create | Villager (Male) |
| 7:49 | Create | Villager (Male) |
| 7:51 | Create | Villager (Male) |
| 8:20 | Build | Mill |
| 8:24 | Create | Villager (Male) |
| 8:24 | Create | Villager (Male) |
| 8:34 | Create | Villager (Male) |
| 8:35 | Create | Villager (Male) |
| 8:35 | Create | Villager (Male) |
| 9:01 | Build | House |
| 10:35 | Build | Mining Camp |
| 10:36 | Research | Feudal Age |
| 11:12 | Build | Palisade Wall |
| 11:25 | Build | Palisade Wall |
| 11:28 | Build | Palisade Wall |
| 11:36 | Build | Palisade Wall |
| 11:40 | Create | Villager (Male) |
| 12:27 | Create | Villager (Male) |
| 12:57 | Age | Feudal Age |
| 13:02 | Build | Stone Wall |
| 13:03 | Build | Stone Wall |
| 13:04 | Build | Stone Wall |
| 13:09 | Build | Watch Tower |
| 13:14 | Create | Villager (Male) |
| 13:19 | Build | Stone Wall |
| 13:27 | Build | Stone Wall |
| 13:30 | Build | Stone Wall |
| 13:36 | Build | Stone Wall |
| 13:37 | Create | Villager (Male) |
| 13:40 | Build | Blacksmith |
| 14:12 | Create | Villager (Male) |
| 14:12 | Create | Villager (Male) |
| 14:12 | Create | Villager (Male) |
| 14:12 | Create | Villager (Male) |
| 14:45 | Build | House |
| 14:48 | Research | Double-Bit Axe |
| 15:35 | Build | Market |
| 16:01 | Build | Mining Camp |
| 16:14 | Research | Castle Age |
| 17:04 | Build | Lumber Camp |
| 17:33 | Build | House |
| 19:01 | Age | Castle Age |
| 19:04 | Build | Castle |
| 19:08 | Create | Villager (Male) |
| 19:18 | Build | Stone Wall |
| 19:40 | Create | Villager (Male) |
| 19:45 | Build | Farm |
| 19:45 | Build | Farm |
| 19:45 | Build | Farm |
| 19:46 | Build | Farm |
| 19:46 | Build | Farm |
| 19:46 | Build | Farm |
| 19:46 | Build | Farm |
| 19:47 | Build | Farm |
| 19:47 | Build | Farm |
| 19:47 | Build | Farm |
Build order — Phoetic
84 actions detected in the replay
| 0:01 | Research | Loom |
| 0:39 | Create | Villager (Male) |
| 1:08 | Create | Villager (Male) |
| 1:30 | Create | Villager (Male) |
| 1:46 | Build | House |
| 2:28 | Create | Villager (Male) |
| 2:45 | Create | Villager (Male) |
| 3:22 | Create | Villager (Male) |
| 3:37 | Build | Lumber Camp |
| 3:41 | Create | Villager (Male) |
| 3:41 | Create | Villager (Male) |
| 4:19 | Create | Villager (Male) |
| 4:20 | Create | Villager (Male) |
| 5:12 | Create | Villager (Male) |
| 5:36 | Build | Mill |
| 5:39 | Create | Villager (Male) |
| 5:55 | Build | Palisade Wall |
| 6:03 | Build | House |
| 6:15 | Build | Palisade Wall |
| 6:20 | Build | Palisade Wall |
| 6:26 | Create | Villager (Male) |
| 6:26 | Create | Villager (Male) |
| 6:26 | Create | Villager (Male) |
| 7:18 | Create | Villager (Male) |
| 7:43 | Research | Feudal Age |
| 8:14 | Build | Barracks |
| 9:11 | Create | Villager (Male) |
| 9:53 | Age | Feudal Age |
| 9:55 | Build | Stable |
| 10:00 | Create | Villager (Male) |
| 10:02 | Research | Double-Bit Axe |
| 10:06 | Build | House |
| 10:21 | Build | House |
| 10:33 | Create | Villager (Male) |
| 10:35 | Create | Scout Cavalry |
| 10:44 | Create | Scout Cavalry |
| 10:47 | Research | Horse Collar |
| 10:59 | Build | Palisade Wall |
| 11:03 | Build | House |
| 11:08 | Create | Scout Cavalry |
| 11:27 | Create | Scout Cavalry |
| 11:28 | Create | Villager (Male) |
| 11:56 | Create | Scout Cavalry |
| 12:05 | Build | House |
| 12:09 | Create | Villager (Male) |
| 12:10 | Create | Villager (Male) |
| 12:11 | Build | Farm |
| 12:11 | Build | Farm |
| 12:11 | Build | Farm |
| 12:11 | Build | Farm |
| 12:12 | Build | Farm |
| 12:33 | Create | Villager (Male) |
| 12:37 | Build | Blacksmith |
| 13:02 | Create | Villager (Male) |
| 13:03 | Create | Scout Cavalry |
| 13:25 | Create | Scout Cavalry |
| 13:27 | Create | Villager (Male) |
| 13:31 | Build | Farm |
| 13:33 | Build | Farm |
| 13:35 | Build | Farm |
| 14:23 | Create | Villager (Male) |
| 14:23 | Create | Villager (Male) |
| 14:25 | Build | Farm |
| 14:26 | Build | Farm |
| 14:40 | Build | House |
| 14:45 | Build | Farm |
| 15:07 | Create | Villager (Male) |
| 15:10 | Build | Farm |
| 15:12 | Build | Farm |
| 15:38 | Build | Mining Camp |
| 15:39 | Create | Villager (Male) |
| 15:58 | Create | Villager (Male) |
| 16:38 | Create | Villager (Male) |
| 16:38 | Create | Villager (Male) |
| 16:55 | Build | House |
| 17:05 | Build | Farm |
| 17:23 | Build | Farm |
| 17:54 | Research | Castle Age |
| 18:36 | Research | Gold Mining |
| 19:05 | Build | House |
| 19:09 | Build | House |
| 19:13 | Create | Villager (Male) |
| 19:48 | Build | Market |
| 20:34 | Age | Castle Age |
Build order — Firebeer
94 actions detected in the replay
| 0:00 | Create | Villager (Male) |
| 0:01 | Create | Villager (Male) |
| 0:01 | Create | Villager (Male) |
| 0:02 | Build | House |
| 0:03 | Build | House |
| 0:12 | Research | Loom |
| 0:17 | Create | Villager (Male) |
| 0:18 | Create | Villager (Male) |
| 0:18 | Create | Villager (Male) |
| 1:06 | Build | House |
| 2:05 | Create | Villager (Male) |
| 2:51 | Create | Villager (Male) |
| 3:20 | Create | Villager (Male) |
| 3:50 | Build | House |
| 4:14 | Create | Villager (Male) |
| 4:34 | Create | Villager (Male) |
| 4:55 | Create | Villager (Male) |
| 5:26 | Build | House |
| 6:16 | Create | Villager (Male) |
| 6:46 | Create | Villager (Male) |
| 6:55 | Create | Villager (Male) |
| 7:14 | Build | Palisade Wall |
| 7:20 | Create | Villager (Male) |
| 7:21 | Create | Villager (Male) |
| 8:00 | Create | Villager (Male) |
| 8:00 | Create | Villager (Male) |
| 8:37 | Build | Palisade Wall |
| 8:52 | Create | Villager (Male) |
| 9:17 | Create | Villager (Male) |
| 9:23 | Build | House |
| 9:34 | Build | Palisade Wall |
| 9:35 | Build | Palisade Wall |
| 9:38 | Build | Palisade Wall |
| 9:39 | Build | Palisade Wall |
| 10:06 | Create | Villager (Male) |
| 10:17 | Build | Lumber Camp |
| 10:22 | Build | House |
| 10:39 | Create | Villager (Male) |
| 10:39 | Create | Villager (Male) |
| 10:57 | Build | Palisade Wall |
| 11:10 | Create | Villager (Male) |
| 11:10 | Create | Villager (Male) |
| 11:19 | Build | Palisade Wall |
| 11:48 | Create | Villager (Male) |
| 12:02 | Build | Palisade Wall |
| 12:05 | Build | Palisade Wall |
| 12:13 | Build | Mill |
| 12:35 | Create | Villager (Male) |
| 12:37 | Build | House |
| 12:38 | Build | House |
| 12:44 | Research | Feudal Age |
| 13:01 | Build | Palisade Wall |
| 13:03 | Build | Palisade Wall |
| 14:27 | Create | Villager (Male) |
| 14:28 | Create | Villager (Male) |
| 14:31 | Build | Farm |
| 14:31 | Build | Farm |
| 14:32 | Build | Farm |
| 14:32 | Build | Farm |
| 14:32 | Build | Farm |
| 14:37 | Build | House |
| 14:37 | Build | House |
| 14:54 | Age | Feudal Age |
| 14:57 | Build | Stone Wall |
| 14:58 | Build | Stone Wall |
| 14:58 | Build | Stone Wall |
| 14:59 | Build | Stone Wall |
| 14:59 | Build | Stone Wall |
| 14:59 | Build | Stone Wall |
| 15:00 | Build | Stone Wall |
| 15:07 | Build | Farm |
| 15:07 | Build | Farm |
| 15:51 | Create | Villager (Male) |
| 15:51 | Create | Villager (Male) |
| 15:51 | Create | Villager (Male) |
| 16:23 | Build | Mining Camp |
| 16:37 | Research | Double-Bit Axe |
| 16:46 | Create | Villager (Male) |
| 16:46 | Create | Villager (Male) |
| 16:49 | Research | Horse Collar |
| 17:27 | Build | Market |
| 17:32 | Build | Market |
| 17:34 | Create | Villager (Male) |
| 18:16 | Build | Blacksmith |
| 18:20 | Create | Villager (Male) |
| 18:23 | Build | Farm |
| 18:51 | Build | House |
| 18:52 | Build | House |
| 18:57 | Research | Castle Age |
| 19:43 | Build | Farm |
| 19:43 | Build | Farm |
| 19:44 | Build | Farm |
| 19:49 | Build | Farm |
| 19:50 | Build | Farm |
Build order — MrGuler
97 actions detected in the replay
| 0:01 | Create | Villager (Male) |
| 0:02 | Build | House |
| 0:03 | Build | House |
| 0:17 | Research | Loom |
| 0:18 | Create | Villager (Male) ×3 |
| 1:09 | Build | House |
| 2:30 | Create | Villager (Male) |
| 2:57 | Create | Villager (Male) |
| 2:57 | Create | Villager (Male) |
| 3:26 | Build | House |
| 3:39 | Build | Palisade Wall |
| 3:43 | Build | Palisade Wall |
| 3:48 | Create | Villager (Male) |
| 4:23 | Build | House |
| 4:30 | Create | Villager (Male) |
| 6:04 | Create | Villager (Male) |
| 6:04 | Create | Villager (Male) |
| 6:53 | Create | Villager (Male) |
| 6:53 | Create | Villager (Male) |
| 6:53 | Create | Villager (Male) |
| 7:14 | Create | Villager (Male) |
| 7:14 | Create | Villager (Male) |
| 8:09 | Build | Palisade Wall |
| 8:13 | Build | Palisade Wall |
| 8:18 | Build | Palisade Wall |
| 8:28 | Create | Villager (Male) |
| 8:29 | Create | Villager (Male) |
| 8:35 | Build | Lumber Camp |
| 9:03 | Build | House |
| 9:20 | Create | Villager (Male) |
| 9:21 | Create | Villager (Male) |
| 9:21 | Create | Villager (Male) |
| 9:21 | Create | Villager (Male) |
| 9:21 | Create | Villager (Male) |
| 9:22 | Create | Villager (Male) |
| 11:24 | Create | Villager (Male) |
| 11:31 | Build | House |
| 11:33 | Create | Villager (Male) |
| 11:36 | Build | Mill |
| 11:54 | Create | Villager (Male) |
| 12:30 | Create | Villager (Male) |
| 12:30 | Create | Villager (Male) |
| 12:43 | Build | Palisade Wall |
| 12:44 | Build | Palisade Wall |
| 12:45 | Build | Palisade Wall |
| 12:49 | Build | Palisade Wall |
| 13:30 | Create | Villager (Male) |
| 13:51 | Build | House |
| 13:57 | Build | Palisade Wall |
| 13:59 | Build | Palisade Wall |
| 14:00 | Build | Palisade Wall |
| 14:03 | Build | Palisade Wall |
| 14:09 | Build | Palisade Wall |
| 14:10 | Build | Palisade Wall |
| 14:12 | Build | Palisade Wall |
| 14:14 | Build | Palisade Wall |
| 14:31 | Create | Villager (Male) |
| 14:32 | Create | Villager (Male) |
| 14:33 | Build | Farm |
| 14:36 | Research | Feudal Age |
| 14:39 | Build | Farm |
| 14:39 | Build | Farm |
| 14:41 | Build | Farm |
| 14:42 | Build | Farm |
| 14:51 | Build | Palisade Wall |
| 15:01 | Build | Farm |
| 16:45 | Create | Villager (Male) |
| 16:45 | Create | Villager (Male) |
| 17:06 | Age | Feudal Age |
| 17:09 | Research | Double-Bit Axe |
| 17:10 | Research | Double-Bit Axe |
| 17:14 | Build | Market |
| 17:21 | Build | Stone Wall |
| 17:22 | Build | Stone Wall |
| 17:25 | Build | Stone Wall |
| 17:36 | Build | Stone Wall |
| 17:57 | Create | Villager (Male) |
| 18:00 | Build | Farm |
| 18:00 | Build | Farm |
| 18:06 | Build | Farm |
| 18:07 | Create | Villager (Male) |
| 18:28 | Create | Villager (Male) |
| 18:29 | Create | Villager (Male) |
| 18:34 | Build | Lumber Camp |
| 19:18 | Build | Watch Tower |
| 19:20 | Build | House |
| 19:23 | Build | House |
| 19:27 | Create | Villager (Male) |
| 19:27 | Create | Villager (Male) |
| 19:38 | Build | Farm |
| 19:44 | Build | Palisade Wall |
| 19:45 | Build | Palisade Wall |
| 19:47 | Build | Palisade Wall |
| 19:48 | Build | Palisade Wall |
| 20:00 | Build | Mining Camp |
| 20:01 | Build | Farm |
| 20:06 | Build | House |
Build order — Rest in Pieces
88 actions detected in the replay
| 0:00 | Create | Villager (Male) |
| 0:01 | Build | House |
| 0:04 | Build | House |
| 0:06 | Create | Villager (Male) |
| 0:06 | Create | Villager (Male) |
| 0:10 | Create | Villager (Male) |
| 0:20 | Research | Loom |
| 0:20 | Create | Villager (Male) |
| 0:20 | Create | Villager (Male) |
| 1:23 | Create | Villager (Male) |
| 2:23 | Create | Villager (Male) |
| 2:38 | Create | Villager (Male) |
| 3:10 | Build | Palisade Wall |
| 3:19 | Create | Villager (Male) |
| 3:31 | Create | Villager (Male) |
| 4:14 | Create | Villager (Male) |
| 4:31 | Create | Villager (Male) |
| 4:50 | Build | House |
| 4:56 | Create | Villager (Male) |
| 5:44 | Build | Palisade Wall |
| 5:48 | Create | Villager (Male) |
| 5:50 | Create | Villager (Male) |
| 6:08 | Build | Palisade Wall |
| 6:10 | Create | Villager (Male) |
| 6:51 | Build | Lumber Camp |
| 6:55 | Build | Palisade Wall |
| 7:01 | Create | Villager (Male) |
| 7:01 | Create | Villager (Male) |
| 7:04 | Build | House |
| 7:26 | Build | Palisade Wall |
| 7:27 | Build | Palisade Wall |
| 7:31 | Build | Palisade Wall |
| 7:34 | Build | Palisade Wall |
| 7:37 | Create | Villager (Male) |
| 8:03 | Build | Palisade Wall |
| 8:07 | Build | Palisade Wall |
| 8:12 | Create | Villager (Male) |
| 8:22 | Build | Palisade Wall |
| 8:30 | Build | Palisade Wall |
| 8:38 | Create | Villager (Male) |
| 9:04 | Create | Villager (Male) |
| 9:06 | Build | Mill |
| 9:36 | Research | Feudal Age |
| 9:49 | Build | Mining Camp |
| 9:53 | Build | House |
| 10:27 | Create | Villager (Male) |
| 10:27 | Create | Villager (Male) |
| 11:46 | Age | Feudal Age |
| 11:47 | Build | Market |
| 12:03 | Build | Blacksmith |
| 12:39 | Build | Watch Tower |
| 12:47 | Research | Castle Age |
| 12:48 | Research | Castle Age |
| 13:32 | Build | Lumber Camp |
| 13:44 | Build | Farm |
| 13:45 | Build | Farm |
| 14:13 | Build | House |
| 14:23 | Research | Horse Collar |
| 14:26 | Build | House |
| 15:06 | Create | Villager (Male) |
| 15:20 | Research | Double-Bit Axe |
| 15:27 | Age | Castle Age |
| 15:30 | Build | Siege Workshop |
| 15:45 | Build | Monastery |
| 15:56 | Build | Farm |
| 15:58 | Create | Villager (Male) |
| 16:17 | Create | Villager (Male) |
| 16:26 | Create | Mangonel |
| 16:28 | Create | Monk |
| 16:47 | Create | Villager (Male) |
| 17:02 | Create | Villager (Male) |
| 17:11 | Create | Battering Ram |
| 17:22 | Create | Villager (Male) |
| 17:55 | Create | Villager (Male) |
| 18:02 | Create | Mangonel |
| 18:19 | Create | Villager (Male) |
| 18:23 | Build | Mining Camp |
| 18:33 | Create | Villager (Male) |
| 18:36 | Create | Monk |
| 18:52 | Create | Villager (Male) |
| 18:55 | Build | Monastery |
| 19:14 | Create | Monk |
| 19:15 | Create | Villager (Male) |
| 19:40 | Create | Villager (Male) |
| 19:43 | Build | House |
| 20:02 | Create | Villager (Male) |
| 20:09 | Create | Monk |
| 20:26 | Create | Villager (Male) |
Build order — RetiredTurtle
100 actions detected in the replay
| 0:02 | Create | Villager (Male) |
| 0:02 | Create | Villager (Male) |
| 0:02 | Create | Villager (Male) |
| 0:03 | Create | Villager (Male) |
| 0:04 | Build | House |
| 0:08 | Build | House |
| 1:49 | Create | Villager (Male) |
| 1:50 | Create | Villager (Male) |
| 1:57 | Build | Lumber Camp |
| 2:11 | Create | Villager (Male) |
| 2:11 | Create | Villager (Male) |
| 2:11 | Create | Villager (Male) |
| 2:48 | Create | Villager (Male) |
| 2:49 | Create | Villager (Male) |
| 3:26 | Create | Villager (Male) |
| 4:02 | Create | Villager (Male) |
| 4:05 | Build | House |
| 4:10 | Build | Mill |
| 4:14 | Create | Villager (Male) |
| 4:55 | Research | Loom |
| 4:55 | Create | Villager (Male) |
| 5:13 | Create | Villager (Male) |
| 5:13 | Create | Villager (Male) |
| 6:02 | Create | Villager (Male) |
| 6:14 | Build | House |
| 6:15 | Build | Mining Camp |
| 6:19 | Create | Villager (Male) |
| 6:48 | Create | Villager (Male) |
| 7:06 | Create | Villager (Male) |
| 7:11 | Build | Barracks |
| 7:19 | Create | Villager (Male) |
| 8:00 | Build | Barracks |
| 8:48 | Research | Feudal Age |
| 9:13 | Build | Outpost |
| 9:21 | Build | House |
| 9:29 | Build | Farm |
| 9:31 | Build | Farm |
| 9:36 | Build | Farm |
| 9:38 | Create | Militia |
| 9:39 | Create | Militia |
| 9:39 | Create | Militia |
| 9:48 | Build | Farm |
| 10:07 | Build | House |
| 10:29 | Create | Militia |
| 10:34 | Create | Villager (Male) |
| 10:49 | Build | Farm |
| 10:58 | Age | Feudal Age |
| 11:27 | Build | Stone Wall |
| 11:29 | Build | Stone Wall |
| 11:31 | Build | Stone Wall |
| 11:33 | Build | Stone Wall |
| 11:35 | Build | Stone Wall |
| 11:37 | Create | Villager (Male) |
| 11:38 | Create | Villager (Male) |
| 12:06 | Create | Villager (Male) |
| 12:24 | Research | Arson |
| 12:32 | Build | Farm |
| 12:33 | Create | Villager (Male) |
| 12:52 | Build | Gate |
| 13:00 | Build | Farm |
| 13:01 | Create | Villager (Male) |
| 13:56 | Build | Farm |
| 13:58 | Build | Farm |
| 13:59 | Create | Villager (Male) |
| 13:59 | Create | Villager (Male) |
| 14:00 | Create | Villager (Male) |
| 14:05 | Build | House |
| 14:05 | Build | House |
| 14:25 | Build | Blacksmith |
| 14:37 | Build | Farm |
| 14:39 | Create | Villager (Male) |
| 14:56 | Create | Villager (Male) |
| 15:44 | Build | Market |
| 15:46 | Create | Villager (Male) |
| 16:31 | Create | Villager (Male) |
| 16:37 | Build | Mining Camp |
| 16:42 | Create | Villager (Male) |
| 16:56 | Create | Militia |
| 16:56 | Create | Militia |
| 16:59 | Create | Militia |
| 17:17 | Research | Castle Age |
| 17:20 | Build | House |
| 17:22 | Build | House |
| 17:25 | Build | House |
| 17:31 | Build | House |
| 17:37 | Build | Lumber Camp |
| 17:48 | Build | Lumber Camp |
| 18:05 | Create | Militia |
| 18:06 | Create | Militia |
| 18:12 | Research | Double-Bit Axe |
| 18:13 | Research | Gold Mining |
| 18:14 | Research | Stone Mining |
| 18:33 | Research | Scale Mail Armor |
| 18:49 | Create | Villager (Male) |
| 19:39 | Research | Forging |
| 20:01 | Age | Castle Age |
| 20:06 | Research | Chain Mail Armor |
| 20:08 | Research | Gambesons |
| 20:11 | Create | Villager (Male) |
| 20:33 | Build | Farm |
Build order — shegin
96 actions detected in the replay
| 0:01 | Create | Villager (Male) |
| 0:01 | Create | Villager (Male) |
| 0:02 | Build | House |
| 0:04 | Build | House |
| 0:13 | Create | Villager (Male) |
| 0:13 | Create | Villager (Male) |
| 1:33 | Create | Villager (Male) |
| 2:01 | Create | Villager (Male) |
| 2:17 | Create | Villager (Male) |
| 2:54 | Create | Villager (Male) |
| 2:55 | Create | Villager (Male) |
| 2:55 | Create | Villager (Male) |
| 3:29 | Create | Villager (Male) |
| 4:02 | Build | Lumber Camp |
| 4:30 | Build | House |
| 4:37 | Create | Villager (Male) |
| 4:37 | Create | Villager (Male) |
| 5:12 | Create | Villager (Male) |
| 5:28 | Build | House |
| 5:38 | Create | Villager (Male) |
| 5:46 | Create | Villager (Male) |
| 6:13 | Build | Mill |
| 6:15 | Create | Villager (Male) |
| 6:49 | Create | Villager (Male) |
| 6:52 | Build | Farm |
| 7:22 | Create | Villager (Male) |
| 7:52 | Build | Farm |
| 7:55 | Create | Villager (Male) |
| 8:01 | Build | House |
| 8:21 | Research | Feudal Age |
| 9:10 | Build | Barracks |
| 9:57 | Build | Mining Camp |
| 10:04 | Create | Militia |
| 10:05 | Create | Militia |
| 10:08 | Build | House |
| 10:32 | Age | Feudal Age |
| 10:35 | Build | Archery Range |
| 10:39 | Create | Villager (Male) |
| 10:43 | Create | Militia |
| 10:47 | Research | Man-at-Arms (upgrade) |
| 10:54 | Create | Villager (Male) |
| 11:19 | Create | Villager (Male) |
| 11:31 | Create | Archer |
| 11:34 | Build | Blacksmith |
| 11:50 | Create | Villager (Male) |
| 12:06 | Build | Gate |
| 12:08 | Build | Stone Wall |
| 12:13 | Create | Villager (Male) |
| 12:18 | Create | Archer |
| 12:20 | Create | Spearman |
| 12:29 | Build | Gate |
| 12:34 | Create | Villager (Male) |
| 12:41 | Create | Spearman |
| 12:51 | Research | Loom |
| 12:51 | Research | Wheelbarrow |
| 12:53 | Build | House |
| 12:54 | Build | House |
| 13:24 | Research | Fletching |
| 13:25 | Create | Villager (Male) |
| 13:29 | Build | House |
| 13:30 | Build | House |
| 14:27 | Create | Villager (Male) |
| 14:30 | Build | Stone Wall |
| 14:35 | Create | Archer |
| 14:41 | Create | Villager (Male) |
| 15:10 | Build | Farm |
| 15:10 | Build | Farm |
| 15:10 | Build | Farm |
| 15:10 | Build | Farm |
| 15:11 | Build | Farm |
| 15:11 | Build | Farm |
| 15:11 | Build | Farm |
| 15:26 | Create | Spearman |
| 15:53 | Build | Farm |
| 15:53 | Build | Farm |
| 16:03 | Create | Spearman |
| 16:09 | Create | Villager (Male) |
| 16:35 | Create | Archer |
| 16:36 | Create | Villager (Male) |
| 17:03 | Build | Farm |
| 17:07 | Create | Villager (Male) |
| 17:12 | Build | Lumber Camp |
| 17:16 | Create | Archer |
| 17:29 | Create | Villager (Male) |
| 17:37 | Build | House |
| 17:38 | Create | Villager (Male) |
| 17:38 | Create | Spearman |
| 17:53 | Build | Farm |
| 17:59 | Create | Villager (Male) |
| 18:01 | Create | Archer |
| 18:26 | Create | Villager (Male) |
| 18:33 | Build | Market |
| 18:57 | Create | Villager (Male) |
| 19:06 | Build | Farm |
| 19:20 | Create | Villager (Male) |
| 19:42 | Create | Villager (Male) |
Match timeline
| 0:41 | oLiVe007 · wall_segment Palisade Wall x10 |
| 1:29 | oLiVe007 · wall_segment Palisade Wall x1 |
| 2:23 | lion_ · wall_segment Palisade Wall x1 |
| 2:24 | lion_ · wall_segment Palisade Wall x1 |
| 2:29 | lion_ · wall_segment Palisade Wall x1 |
| 2:31 | lion_ · wall_segment Palisade Wall x1 |
| 3:10 | Rest in Pieces · wall_segment Palisade Wall x8 |
| 3:39 | MrGuler · wall_segment Palisade Wall x1 |
| 3:43 | MrGuler · wall_segment Palisade Wall x1 |
| 3:54 | lion_ · wall_segment Palisade Wall x7 |
| 3:57 | lion_ · wall_segment Palisade Wall x1 |
| 3:58 | lion_ · wall_segment Palisade Wall x1 |
| 4:46 | lion_ · wall_segment Palisade Wall x1 |
| 5:44 | Rest in Pieces · wall_segment Palisade Wall x10 |
| 5:55 | Phoetic · wall_segment Palisade Wall x1 |
| 5:58 | lion_ · wall_segment Palisade Wall x1 |
| 6:05 | lion_ · wall_segment Palisade Wall x1 |
| 6:08 | Rest in Pieces · wall_segment Palisade Wall x8 |
| 6:11 | lion_ · wall_segment Palisade Wall x1 |
| 6:15 | Phoetic · wall_segment Palisade Wall x1 |
| 6:17 | oLiVe007 · wall_segment Palisade Wall x10 |
| 6:20 | Phoetic · wall_segment Palisade Wall x1 |
| 6:27 | lion_ · wall_segment Palisade Wall x1 |
| 6:55 | Rest in Pieces · wall_segment Palisade Wall x3 |
| 7:11 | RetiredTurtle · first_building Barracks |
| 7:14 | Firebeer · wall_segment Palisade Wall x12 |
| 7:26 | Rest in Pieces · wall_segment Palisade Wall x1 |
| 7:27 | Rest in Pieces · wall_segment Palisade Wall x1 |
| 7:31 | Rest in Pieces · wall_segment Palisade Wall x1 |
| 7:34 | Rest in Pieces · wall_segment Palisade Wall x1 |
| 8:03 | Rest in Pieces · wall_segment Palisade Wall x1 |
| 8:07 | Rest in Pieces · wall_segment Palisade Wall x1 |
| 8:09 | MrGuler · wall_segment Palisade Wall x1 |
| 8:13 | MrGuler · wall_segment Palisade Wall x9 |
| 8:14 | Phoetic · first_building Barracks |
| 8:18 | MrGuler · wall_segment Palisade Wall x2 |
| 8:22 | Rest in Pieces · wall_segment Palisade Wall x1 |
| 8:30 | Rest in Pieces · wall_segment Palisade Wall x1 |
| 8:37 | Firebeer · wall_segment Palisade Wall x3 |
| 9:10 | shegin · first_building Barracks |
| 9:34 | Firebeer · wall_segment Palisade Wall x2 |
| 9:35 | Firebeer · wall_segment Palisade Wall x7 |
| 9:38 | Firebeer · wall_segment Palisade Wall x1 |
| 9:39 | Firebeer · wall_segment Palisade Wall x1 |
| 9:53 | Phoetic · age_up feudal |
| 9:55 | Phoetic · first_building Stable |
| 10:32 | shegin · age_up feudal |
| 10:35 | shegin · first_building Archery Range |
| 10:57 | Firebeer · wall_segment Palisade Wall x1 |
| 10:58 | RetiredTurtle · age_up feudal |
| 10:59 | Phoetic · wall_segment Palisade Wall x1 |
| 11:12 | lion_ · wall_segment Palisade Wall x1 |
| 11:19 | Firebeer · wall_segment Palisade Wall x6 |
| 11:25 | lion_ · wall_segment Palisade Wall x1 |
| 11:27 | RetiredTurtle · wall_segment Stone Wall x1 |
| 11:28 | lion_ · wall_segment Palisade Wall x1 |
| 11:29 | RetiredTurtle · wall_segment Stone Wall x4 |
| 11:31 | RetiredTurtle · wall_segment Stone Wall x1 |
| 11:33 | RetiredTurtle · wall_segment Stone Wall x1 |
| 11:34 | oLiVe007 · age_up feudal |
| 11:35 | RetiredTurtle · wall_segment Stone Wall x4 |
| 11:36 | lion_ · wall_segment Palisade Wall x1 |
| 11:46 | Rest in Pieces · age_up feudal |
| 12:02 | Firebeer · wall_segment Palisade Wall x2 |
| 12:05 | Firebeer · wall_segment Palisade Wall x1 |
| 12:08 | shegin · wall_segment Stone Wall x6 |
| 12:22 | oLiVe007 · wall_segment Stone Wall x11 |
| 12:43 | MrGuler · wall_segment Palisade Wall x1 |
| 12:44 | MrGuler · wall_segment Palisade Wall x1 |
| 12:45 | MrGuler · wall_segment Palisade Wall x1 |
| 12:49 | MrGuler · wall_segment Palisade Wall x1 |
| 12:57 | lion_ · age_up feudal |
| 13:01 | Firebeer · wall_segment Palisade Wall x7 |
| 13:02 | lion_ · wall_segment Stone Wall x1 |
| 13:03 | lion_ · wall_segment Stone Wall x1 |
| 13:03 | Firebeer · wall_segment Palisade Wall x4 |
| 13:04 | lion_ · wall_segment Stone Wall x1 |
| 13:19 | lion_ · wall_segment Stone Wall x1 |
| 13:27 | lion_ · wall_segment Stone Wall x1 |
| 13:30 | lion_ · wall_segment Stone Wall x1 |
| 13:36 | lion_ · wall_segment Stone Wall x1 |
| 13:57 | MrGuler · wall_segment Palisade Wall x1 |
| 13:59 | MrGuler · wall_segment Palisade Wall x1 |
| 14:00 | MrGuler · wall_segment Palisade Wall x1 |
| 14:03 | MrGuler · wall_segment Palisade Wall x1 |
| 14:09 | MrGuler · wall_segment Palisade Wall x1 |
| 14:10 | MrGuler · wall_segment Palisade Wall x1 |
| 14:12 | MrGuler · wall_segment Palisade Wall x1 |
| 14:14 | MrGuler · wall_segment Palisade Wall x1 |
| 14:30 | shegin · wall_segment Stone Wall x2 |
| 14:51 | MrGuler · wall_segment Palisade Wall x3 |
| 14:54 | Firebeer · age_up feudal |
| 14:57 | Firebeer · wall_segment Stone Wall x6 |
| 14:58 | Firebeer · wall_segment Stone Wall x1 |
| 14:58 | Firebeer · wall_segment Stone Wall x1 |
| 14:59 | Firebeer · wall_segment Stone Wall x1 |
| 14:59 | Firebeer · wall_segment Stone Wall x1 |
| 14:59 | Firebeer · wall_segment Stone Wall x1 |
| 15:00 | Firebeer · wall_segment Stone Wall x1 |
| 15:27 | Rest in Pieces · age_up castle |
| 15:30 | Rest in Pieces · first_building Siege Workshop |
| 15:42 | Rest in Pieces · first_market_buy 100 wood |
| 15:45 | Rest in Pieces · first_building Monastery |
| 15:54 | oLiVe007 · age_up castle |
| 16:02 | oLiVe007 · first_market_buy 100 stone |
| 16:58 | oLiVe007 · wall_segment Stone Wall x11 |
| 17:06 | MrGuler · age_up feudal |
| 17:21 | MrGuler · wall_segment Stone Wall x7 |
| 17:22 | MrGuler · wall_segment Stone Wall x11 |
| 17:25 | MrGuler · wall_segment Stone Wall x12 |
| 17:36 | MrGuler · wall_segment Stone Wall x1 |
| 17:53 | oLiVe007 · first_building Siege Workshop |
| 18:40 | lion_ · first_market_sell 100 food |
| 18:41 | lion_ · first_market_buy 100 stone |
| 18:54 | oLiVe007 · first_market_sell 100 wood |
| 18:59 | oLiVe007 · wall_segment Stone Wall x7 |
| 19:01 | lion_ · age_up castle |
| 19:04 | lion_ · first_building Castle |
| 19:04 | oLiVe007 · wall_segment Stone Wall x9 |
| 19:18 | lion_ · wall_segment Stone Wall x11 |
| 19:22 | oLiVe007 · wall_segment Stone Wall x1 |
| 19:44 | MrGuler · wall_segment Palisade Wall x1 |
| 19:45 | MrGuler · wall_segment Palisade Wall x1 |
| 19:47 | MrGuler · wall_segment Palisade Wall x1 |
| 19:48 | MrGuler · wall_segment Palisade Wall x1 |
| 20:01 | RetiredTurtle · age_up castle |
| 20:15 | lion_ · resign |
| 20:34 | Phoetic · age_up castle |
[ AI ANALYSIS · 1 CREDIT ]
What really happened in this match?
Wolo.gg analyzes every decision: build order, eco, micro, common mistakes by bracket. Personalized analysis on WhatsApp or Discord in 30 seconds.
Civ guide
Poles
Perfil
Jugador #2933061